 Dungeon Crawl Stone Soup version 0.16.0-17-g811c1d7 (webtiles) character file.

32 maniek23 the Vexing (level 3, -2/24 HPs)
             Began as a Vampire Enchanter on Mar 21, 2015.
             Slain by an adder (3 damage)
             ... on level 2 of the Dungeon.
             The game lasted 00:03:59 (1028 turns).

maniek23 the Vexing (Vampire Enchanter)             Turns: 1028, Time: 00:03:59

Health: -2/24      AC:  5    Str:  8    XL:     3   Next: 8%
Magic:  2/6        EV: 12    Int: 17    God:
Gold:   27         SH:  0    Dex: 14    Spells: 2 memorised, 3 levels left

rFire  . . .     SeeInvis +     a - +1 dagger
rCold  . . .     Clarity  .     b - +1 robe
rNeg   + . .     SustAb   .     (no shield)
rPois  .         Gourm    .     k - +2 hat
rElec  .         Spirit   .     (no cloak)
rCorr  .         Warding  .     (no gloves)
rMut   .         Stasis   .     (no boots)
MR     .....                    f - amulet of rage
Stlth  +++.......               (no ring)
                                (no ring)

@: not resistant to hostile enchantments, fairly stealthy
A: bottle blood, fangs 3, see invisible, unbreathing
a: Bat Form, Evoke Berserk Rage


You were on level 2 of the Dungeon.
You were not thirsty.

You visited 1 branch of the dungeon, and saw 2 of its levels.

You collected 27 gold pieces.

Inventory:

Hand weapons
 a - a +1 dagger (weapon)
Armour
 b - a +1 robe (worn)
 k - a +2 hat (worn)
Jewellery
 f - an amulet of rage (around neck)
Scrolls
 e - a scroll of identify
 g - a scroll of remove curse
 i - a scroll of enchant weapon
Potions
 d - 5 potions of blood
 h - a potion of beneficial mutation {unknown}
 j - a potion of resistance {unknown}
Books
 c - a book of Maledictions

   Spells                             Type                      Level
   a - Corona                         Hexes                        1
   b - Sure Blade                     Hexes/Charms                 2
   c - Ensorcelled Hibernation        Hexes/Ice                    2
   d - Confuse                        Hexes                        3
   e - Dazzling Spray                 Conjuration/Hexes            3
   f - Enslavement                    Hexes                        4


   Skills:
 + Level 1.2 Short Blades
 + Level 2.3 Dodging
 + Level 5.2 Stealth
 + Level 2.2 Spellcasting
 + Level 5.2 Hexes


You had 3 spell levels left.
You knew the following spells:

 Your Spells              Type           Power        Failure   Level  Hunger
a - Corona                Hex            ###....      2%          1    #......
b - Ensorcelled Hibernat  Hex/Ice        ##....       12%         2    ###....


Dungeon Overview and Level Annotations

Branches:
Dungeon (2/15)

Altars:

Annotations:
D:2 Sigmund


Innate Abilities, Weirdness & Mutations

You can bottle blood from corpses.
You have razor-sharp teeth.
You have supernaturally acute eyesight.
You can survive without breathing.


Message History

You feel blessed for a moment.
It was a scroll of remove curse.
The adder misses you.
You miss the adder.
The adder is lightly wounded.
The adder barely misses you. Sigmund completely misses you.
The adder misses you.
You completely miss the adder.
The adder is lightly wounded.
The adder barely misses you.
You hit the adder.
The adder is moderately wounded.
Sigmund laughs darkly.
Sigmund closely misses you. The adder barely misses you.
You barely miss the adder.
The adder is moderately wounded.
The adder barely misses you. Sigmund closely misses you.
You miss the adder. You bite the adder.
The adder is heavily wounded.
The adder bites you.
You die...

###..%# ##### ...
......... # #.#
..#..##.# #. #.#
...>.##.# ## #.####.#
#.#.###.. .#
.....#.###.......# .#
#.#..#..(....# #.# #.#
#.#.....(.<#####S# ..#
#....####.....##@####..#
##...####.....##..@..).#
..............######..##
.....####.....# #.##
####.####@....# #.#
#.......#### #.#
#>####### #@# ####.####
#.# #.....@.# #.#


You could see Sigmund (invisible) and an adder.

Vanquished Creatures
  An adder (D:2)
  2 hobgoblins (D:1)
  6 jackals
  3 kobolds (D:2)
  A quokka (D:2)
  2 ball pythons
  A bat (D:1)
  2 giant newts (D:1)
  4 rats (D:1)
22 creatures vanquished.

Notes
Turn   | Place    | Note
--------------------------------------------------------------
     0 | D:1      | maniek23, the Vampire Enchanter, began the quest for the Orb.
     0 | D:1      | Reached XP level 1. HP: 13/13 MP: 3/3
   145 | D:1      | Reached skill level 5 in Hexes
   145 | D:1      | Reached XP level 2. HP: 11/19 MP: 4/4
   155 | D:1      | Learned a level 2 spell: Ensorcelled Hibernation
   661 | D:2      | Reached skill level 5 in Stealth
   661 | D:2      | Reached XP level 3. HP: 21/24 MP: 0/6
   706 | D:2      | Noticed Sigmund
  1021 | D:2      | HP: 1/24 [adder (3)]
  1028 | D:2      | Slain by an adder

Action                   || total
-------------------------++-------
Melee: Dagger            ||    64
       Unarmed           ||     5
 Cast: Ensorcelled Hiber ||    11
 Abil: End Transformatio ||     2
       Bat Form          ||     2
  Use: Scroll            ||     3
 Stab: Sleeping          ||     7
  Eat: Corpse            ||     1
